 Dungeon Crawl Stone Soup version 0.16.1-17-g773cdaf (webtiles) character file.

381 hannobal the Cudgeler (level 6, -2/61 HPs)
             Began as an Ogre Hunter on Apr 22, 2015.
             Succumbed to a worker ant's poison
             ... on level 4 of the Dungeon.
             The game lasted 00:17:05 (4450 turns).

hannobal the Cudgeler (Ogre Hunter)                 Turns: 4450, Time: 00:17:05

Health: -2/61      AC:  3    Str: 18    XL:     6   Next: 75%
Magic:  6/6        EV: 10    Int: 13    God:
Gold:   114        SH:  0    Dex: 12    Spells: 0 memorised, 5 levels left

rFire  . . .     SeeInvis .     a - +1 war axe (flame)
rCold  . . .     Clarity  .     d - +0 animal skin
rNeg   . . .     SustAb   .     (shield restricted)
rPois  .         Gourm    .     (helmet restricted)
rElec  .         Spirit   .     v - +0 cloak
rCorr  .         Warding  .     (gloves unavailable)
rMut   .         Stasis   .     (boots unavailable)
MR     +....                    (no amulet)
Stlth  +.........               (no ring)
                                j - +3 ring of intelligence

@: lethally poisoned (-2 -> -22), somewhat resistant to hostile enchantments,
very unstealthy
A: unfitting armour, deformed body, magic resistance 1, spit poison 1, tough
skin 1
a: Spit Poison


You were on level 4 of the Dungeon.
You were not hungry.

You visited 1 branch of the dungeon, and saw 4 of its levels.

You collected 114 gold pieces.

Inventory:

Hand weapons
 a - a +1 war axe of flaming (weapon)
 b - a +0 quarterstaff
 i - a +0 short sword
 o - a +0 hunting sling
 s - a +0 club
 t - a +1 dagger of holy wrath
 u - a +3 quarterstaff of chaos
 x - a +0 hammer
Missiles
 c - 28 sling bullets
 e - 70 stones
 h - 3 large rocks
 k - 2 throwing nets (quivered)
 r - 24 arrows
Armour
 d - a +0 animal skin (worn)
 v - a +0 cloak (worn)
Jewellery
 j - a +3 ring of intelligence (left hand)
Magical devices
 w - a wand of confusion (12)
Scrolls
 q - 2 scrolls of teleportation
Potions
 n - a potion of restore abilities
 p - 2 potions of brilliance
Comestibles
 f - 3 meat rations
 g - 5 bread rations
 l - 3 slices of pizza
 m - 2 fruits


   Skills:
 - Level 3.2 Fighting
 - Level 1.2(3.0) Axes
 - Level 7.4(7.6) Maces & Flails
 + Level 5.0 Throwing
 - Level 1.7 Dodging
 - Level 0.7 Stealth


You had 5 spell levels left.
You didn't know any spells.

Dungeon Overview and Level Annotations

Branches:
Dungeon (4/15)
 Temple: D:4-7

Altars:

Annotations:
D:3 Sigmund


Innate Abilities, Weirdness & Mutations

You are too large for most types of armour.
You have tough skin (AC +1).
Armour fits poorly on your strangely shaped body.
You are resistant to hostile enchantments.
You can spit poison.


Message History

* * * LOW HITPOINT WARNING * * *
You are more poisoned.
The worker ant poisons you!
The worker ant bites you but does no damage.
You hit the worker ant but do no damage.
The worker ant is moderately wounded.
* * * LOW HITPOINT WARNING * * *
You feel very sick. The worker ant bites you.
* * * LOW HITPOINT WARNING * * *
Drink which item? (? for menu, Esc to quit)
Okay, then.
You hit the worker ant but do no damage.
The worker ant is moderately wounded.
* * * LOW HITPOINT WARNING * * *
You feel very sick. The worker ant barely misses you.
The worker ant closely misses you.
You hit the worker ant but do no damage.
The worker ant is moderately wounded.
You die...

# #. #.###
..####...######...#
#.......<.@a......#
####.....#........#
##...##.#####..
##.# #.# #. #.# #.
#.# # #.. ###


You could see a worker ant.

Vanquished Creatures
  Grinder (D:3)
  Crazy Yiuf (D:3)
  Natasha (D:3)
  2 adders (D:2)
  A giant mite (D:2)
  3 worms
  A giant gecko (D:1)
  An ooze (D:1)
  3 giant cockroaches
  6 hobgoblins
  15 jackals
  3 quokkas
  2 ball pythons (D:1)
  7 bats
  4 giant newts
  13 goblins
  12 kobolds
  10 rats
  2 fungi (D:3)
88 creatures vanquished.

Notes
Turn   | Place    | Note
--------------------------------------------------------------
     0 | D:1      | hannobal, the Ogre Hunter, began the quest for the Orb.
     0 | D:1      | Reached XP level 1. HP: 22/22 MP: 1/1
    47 | D:1      | Reached XP level 2. HP: 21/29 MP: 2/2
   306 | D:1      | Reached skill level 1 in Maces & Flails
   624 | D:1      | Reached XP level 3. HP: 37/37 MP: 3/3
   658 | D:1      | Gained mutation: You can spit poison. [potion of mutation]
   658 | D:1      | Gained mutation: Armour fits poorly on your strangely shaped body. [potion of mutation]
   658 | D:1      | Gained mutation: You are resistant to hostile enchantments. [potion of mutation]
  1811 | D:2      | Reached XP level 4. HP: 42/45 MP: 4/4
  3115 | D:3      | Noticed Grinder
  3117 | D:3      | Killed Grinder
  3117 | D:3      | Reached skill level 7 in Maces & Flails
  3117 | D:3      | Reached XP level 5. HP: 53/53 MP: 5/5
  3117 | D:3      | Reached XP level 6. HP: 61/61 MP: 6/6
  3238 | D:3      | Reached skill level 5 in Throwing
  3745 | D:3      | Noticed Natasha
  3754 | D:3      | Killed Natasha
  4112 | D:3      | Noticed Sigmund
  4346 | D:3      | Noticed Crazy Yiuf
  4355 | D:3      | Killed Crazy Yiuf
  4355 | D:3      | Reached skill level 1 in Axes
  4449 | D:4      | HP: 1/61 [poisoned by a worker ant]
  4450 | D:4      | Succumbed to a worker ant's poison

Action                   |  1- 3 |  4- 6 || total
-------------------------+-------+-------++-------
Melee: Short sword       |    52 |       ||    52
       Club              |   106 |   161 ||   267
       War axe           |       |    48 ||    48
Throw: Large rock        |    24 |    13 ||    37
       Throwing net      |     2 |     1 ||     3
       Stone             |       |     8 ||     8
  Use: Potion            |     4 |     1 ||     5
       Scroll            |     3 |     3 ||     6
 Stab: Held in net/web   |     1 |       ||     1
       Sleeping          |       |     1 ||     1
  Eat: Chunk             |     3 |     8 ||    11
       Fruit             |       |     1 ||     1
